Unix NetHack Version 5.0.0-0 post-release - last build May 23 2026 06:08:33 (1c0ff79ee797540d5714e4e18072db0edd9e58ae,branch:main).

Game began 2026-05-28 15:24:56, ended 2026-05-28 16:09:44.

Eisengrim, chaotic male elven Wizard

         ---
        --.---
        |....--
  --    --..).| |
  |.-----#--)...|
   -.)@).G.G....-
   |..-----.*--.
  --.--  |<..|
  |f.|   --.--
  |)--    -..
  |)|
  |.|
  |.|
  |.|
  |(|
 --.--
 |...--
--....|
|..)..|
--.---
 ---
Eisengrim the Thaumaturge  St:10 Dx:12 Co:15 In:17 Wi:14 Ch:9  Chaotic
Dlvl:7  $:94 HP:0(50) Pw:3(61) AC:9  Xp:6 T:2469  Burdened

Latest messages:
 w - an empty uncursed sack.
 M - 2 uncursed scrolls of enchant weapon.
 y - an uncursed scroll of magic mapping.
 u - an uncursed ring of see invisible.
 The plains centaur picks up 5 gray stones.
 You swap places with your kitten.
 Your kitten eats a gnome corpse.
 There are several objects here.
 The kitten misses it.
 The kitten bites it.
 The kitten picks up a crossbow.
 You hear some noises.
 You stop searching.
 Pick a monster, object or location.
 In what direction?
 The magic missile hits the plains centaur!
 The magic missile bounces!
 You kill the plains centaur!
 Your kitten eats a plains centaur corpse.
 In what direction?
 The spell misses the coyote.
 The coyote bites!
 You hit the coyote.
 The coyote bites!
 You miss the coyote.
 The coyote bites!
 In what direction?
 The spell hits the coyote!
 You kill the coyote!
 You see here a coyote corpse.
 There is a coyote corpse here; eat it? [ynq] (n)
 This coyote corpse is fatty.
 You stop eating the coyote corpse.
 In what direction?
 You kill the coyote!
 You see here a partly eaten coyote corpse.
 There is a partly eaten coyote corpse here; eat it? [ynq] (n)
 You resume your meal.
 You finish eating the coyote corpse.
 The gnome shoots 2 crossbow bolts!
 You are hit by the 1st crossbow bolt.
 The 2nd crossbow bolt misses you.
 The gnome shoots 2 crossbow bolts!
 You are hit by the 1st crossbow bolt.
 Wizard is about to die.
 You are hit by the 2nd crossbow bolt.
 You die...
 Do you want your possessions identified? [ynq] (y)
 Do you want to see your attributes? [ynq] (y)
 Do you want an account of creatures vanquished? [ynaq] (y)

Inventory:
 Coins    ('$')
  $ - 94 gold pieces
 Weapons  (')')
  G - 2 +0 daggers (wielded)
  a - a blessed +1 quarterstaff
 Armor    ('[')
  b - an uncursed +0 cloak of magic resistance (being worn)
  J - an uncursed +0 dwarvish cloak
  N - an uncursed +0 dwarvish cloak
  P - an uncursed +0 dwarvish cloak
  U - a cursed -1 dwarvish cloak
 Comestibles  ('%')
  D - 3 uncursed food rations
  L - an uncursed pancake
  A - 2 uncursed tins of szechuan gecko meat
 Scrolls  ('?')
  Q - an uncursed scroll of charging
  t - an uncursed scroll of confuse monster
  k - a blessed scroll of create monster
  B - an uncursed scroll of create monster
  M - 2 uncursed scrolls of enchant weapon
  y - an uncursed scroll of magic mapping
  j - an uncursed scroll of remove curse
 Spellbooks  ('+')
  l - a blessed spellbook of force bolt
  m - an uncursed spellbook of identify
  v - an uncursed spellbook of magic missile
 Potions  ('!')
  g - an uncursed potion of levitation
  E - an uncursed potion of object detection
  r - an uncursed potion of see invisible
  f - a blessed potion of sleeping
  h - an uncursed potion of water
 Rings    ('=')
  d - an uncursed +1 ring of increase damage
  e - an uncursed +1 ring of protection
  u - an uncursed ring of see invisible
 Wands    ('/')
  c - a wand of cold (0:5)
 Tools    ('(')
  w - an empty uncursed sack
  O - an empty uncursed sack
  o - an uncursed bugle
  p - a can of grease (0:23)
  S - an uncursed lock pick
  R - an uncursed magic lamp (lit)
  n - a magic marker (0:20)
  V - a +0 pick-axe
 Gems/Stones  ('*')
  H - an uncursed worthless piece of black glass
  F - 3 uncursed worthless pieces of blue glass
  K - an uncursed worthless piece of green glass
  x - 3 uncursed worthless pieces of orange glass
  z - 2 uncursed worthless pieces of violet glass
  W - an uncursed worthless piece of white glass
  T - an uncursed flint stone

Eisengrim the Wizard's attributes:

Background:
 You were a Thaumaturge, a level 6 male elven Wizard.
 You were chaotic, nominally on a mission for Anhur
 who was opposed by Ptah (lawful) and Thoth (neutral).
 You were right-handed.
 You were in the Gnomish Mines, on level 7.
 You entered the dungeon 2469 turns ago.
 You had 384 experience points, 256 more were needed to attain level 7.

Basics:
 You had 0 out of 50 hit points.
 You had 3 out of 61 energy points (spell power).
 Your armor class was 9.
 Your wallet contained 94 zorkmids.
 Autopickup was off.

Final Characteristics:
 Your strength was 10 (limit:18).
 Your dexterity was 12 (limit:18).
 Your constitution was 15 (limit:16).
 Your intelligence was 17 (limit:20).
 Your wisdom was 14 (limit:20).
 Your charisma was 9 (limit:18).

Final Status:
 You weren't hungry.
 You were burdened; movement was slightly slowed.
 You were wielding daggers.
 You had basic skill with dagger.

Final Attributes:
 You were piously aligned.
 You were magic-protected.
 You were sleep resistant.
 You were telepathic.
 You had infravision.
 You were warded.
 You are dead.

Miscellaneous:
 You didn't encounter any bones levels.
 Total elapsed playing time was 44 minutes and 33 seconds.

Major events:
 Turn
    1: Eisengrim the chaotic male elven Wizard entered the dungeon
  478: attained the rank of Conjurer (level 3)
 1230: entered the Gnomish Mines
 2398: attained the rank of Thaumaturge (level 6)
 2469: killed by a crossbow bolt

Spells:
 Name                 Level Category     Fail Retention
 force bolt             1   attack         0%   81%-90%
 identify               3   divination    85%  76%-100%
 magic missile          2   attack         0%  91%-100%

Skills:
 Fighting Skills
   bare handed combat [Unskilled]
   riding             [Unskilled]
 Weapon Skills
   dagger             [Basic]
   knife              [Unskilled]
   axe                [Unskilled]
   short sword        [Unskilled]
   club               [Unskilled]
   mace               [Unskilled]
   quarterstaff       [Basic]
   polearms           [Unskilled]
   spear              [Unskilled]
   trident            [Unskilled]
   sling              [Unskilled]
   dart               [Unskilled]
   shuriken           [Unskilled]
 Spellcasting Skills
   attack spells      [Basic]
   healing spells     [Unskilled]
   divination spells  [Unskilled]
   enchantment spells [Basic]
   clerical spells    [Unskilled]
   escape spells      [Unskilled]
   matter spells      [Unskilled]

Voluntary challenges:
 Character rerolling was not enabled.
 You were an atheist.
 You never genocided any monsters.
 You never polymorphed an object.
 You never changed form.
 You used no wishes.
Achievements:
 You attained the rank of Conjurer.
 You entered a shop.
 You entered the Gnomish Mines.
 You attained the rank of Thaumaturge.

 The Dungeons of Doom: levels 1 to 4
    Level 1:
       A fountain.
    Level 2:
       A fountain.
    Level 3:
       A fountain, a grave.
    Level 4:
       A general store.
       Stairs down to The Gnomish Mines.
 The Gnomish Mines: levels 5 to 7
    Level 5:
    Level 6:
    Level 7: <- You were here.
       Final resting place for
          you, killed by a crossbow bolt.


Vanquished creatures:
  a plains centaur
  a fog cloud
  3 gnome leaders
  3 giant ants
  a floating eye
  a kitten
  5 dwarves
  a kobold leader
  a rothe
 an orc zombie
  4 coyotes
  2 hobbits
  a hobgoblin
  2 giant rats
 22 gnomes
  4 geckos
  3 jackals
  3 foxes
  a kobold
  3 goblins
  2 grid bugs
  3 lichens
  a kobold zombie
  5 newts
74 creatures vanquished.

No species were genocided or became extinct.

Game over:
                       ----------
                      /          \
                     /    REST    \
                    /      IN      \
                   /     PEACE      \
                  /                  \
                  |    Eisengrim     |
                  |      94 Au       |
                  |   killed by a    |
                  |  crossbow bolt   |
                  |                  |
                  |                  |
                  |       2026       |
                 *|     *  *  *      | *
        _________)/\\_//(\/(/\)/\//\/|_)_______

Goodbye Eisengrim the Wizard...

You died in The Gnomish Mines on dungeon level 7 with 1921 points,
and 94 pieces of gold, after 2469 moves.
You were level 6 with a maximum of 50 hit points when you died.

